 Dungeon Crawl Stone Soup version 0.21.1-1-g345015f (webtiles) character file.

30 Opti87 the Grasshopper (level 3, -1/24 HPs)
             Began as a Halfling Warper on May 8, 2018.
             Killed from afar by a dart slug (6 damage)
             ... with a slug dart
             ... on level 2 of the Dungeon.
             The game lasted 00:11:21 (1140 turns).

Opti87 the Grasshopper (Halfling Warper)            Turns: 1140, Time: 00:11:21

Health: -1/24      AC:  3    Str: 12    XL:     3   Next: 35%
Magic:  2/5        EV: 15    Int: 11    God:
Gold:   65         SH:  0    Dex: 14    Spells: 1/5 levels left

rFire    . . .     SeeInvis .   a - +0 short sword
rCold    . . .     Gourm    .   (shield restricted)
rNeg     . . .     Faith    .   b - +0 leather armour
rPois    .         Spirit   .   (no helmet)
rElec    .         Reflect  .   (no cloak)
rCorr    .         Harm     .   (no gloves)
MR       .....                  (no boots)
Stlth    +.........             (no amulet)
HPRegen  0.08/turn              (no ring)
MPRegen  0.09/turn              (no ring)

@: very slightly contaminated
A: small, mutation resistance 1
a: no special abilities


You were on level 2 of the Dungeon.
You were not hungry.

You visited 1 branch of the dungeon, and saw 2 of its levels.

You collected 65 gold pieces.

Inventory:

Hand Weapons
 a - a +0 short sword (weapon)
Armour
 b - a +0 leather armour (worn)
 i - a +0 ring mail
Scrolls
 d - a scroll of blinking
 h - 2 scrolls of identify {unknown}
 j - 2 scrolls of fog {unknown}
 k - a scroll of teleportation {unknown}
 l - a scroll of enchant armour {unknown}
Potions
 e - a potion of ambrosia {unknown}
 m - a potion of heal wounds {unknown}
Books
 c - a book of Spatial Translocations

   Spells                             Type                      Level
   a - Blink                          Translocation                2
   b - Shroud of Golubria             Charms/Translocation         2
   c - Lesser Beckoning               Translocation                3
   d - Gell's Gravitas                Translocation                3
   e - Teleport Other                 Translocation                3
   f - Passage of Golubria            Translocation                4
Comestibles
 f - 2 rations


   Skills:
 - Level 1.7 Fighting
 + Level 3.2 Short Blades
 - Level 1.0 Throwing
 - Level 1.1 Armour
 + Level 3.0 Dodging
 - Level 1.5 Spellcasting
 - Level 3.6 Translocations


You had one spell level left.
You knew the following spells:

 Your Spells              Type           Power        Failure   Level  Hunger
a - Blink                 Tloc           N/A          13%         2    ###....
b - Shroud of Golubria    Chrm/Tloc      #.........   28%         2    ###....


Dungeon Overview and Level Annotations

Branches:
Dungeon (2/15)

Altars:


Innate Abilities, Weirdness & Mutations

You are small and have problems with some larger weapons.
You are somewhat resistant to further mutation.


Message History

The adder is lightly wounded.
The adder bites you.
* * * LOW HITPOINT WARNING * * *
The adder misses you.
Casting: Shroud of Golubria
Confirm with . or Enter, or press ? or * to list all spells.
You blink.
The adder barely misses you. The dart slug closely misses you.
The adder closely misses you. The dart slug launches a dart at you.
The slug dart hits you!
* * * LOW HITPOINT WARNING * * *
You see here a scroll labeled ROOPLEAKAWK.
Casting: Blink
Confirm with . or Enter, or press ? or * to list all spells.
You don't have enough magic to cast that spell.
The adder barely misses you. The dart slug launches a dart at you.
The slug dart hits you!
You die...

........<('.......
.......).)#.......
..รท.......###+##.#
..........# ...
#####.....# #.#
####.....# #.#
#.....#### #.#
#.....# #.# #.....#
#######@#
#.....###.......#
#.....##......S.##...
#####)##............#
#.##...$.########
#.##...w........
#.##......######
#..'......#
####......#


You could see an adder and a dart slug.

Vanquished Creatures
  An adder (D:2)
  2 leopard geckos (D:1)
  2 hobgoblins (D:1)
  A bat (D:1)
  A frilled lizard (D:1)
  3 goblins (D:1)
  5 kobolds
  6 rats (D:1)
21 creatures vanquished.

Notes
Turn   | Place    | Note
-------+----------+-------------------------------------------
     0 | D:1      | Opti87 the Halfling Warper began the quest for the Orb.
     0 | D:1      | Reached XP level 1. HP: 14/14 MP: 3/3
   109 | D:1      | Reached XP level 2. HP: 12/19 MP: 4/4
   238 | D:1      | Learned a level 2 spell: Blink
   250 | D:1      | Learned a level 2 spell: Shroud of Golubria
   581 | D:1      | Reached XP level 3. HP: 24/24 MP: 5/5
  1140 | D:2      | Killed from afar by a dart slug

Skill      XL: |  1  2  3 |
---------------+----------+-----
Short Blades   | 3 |  3.2
Dodging        | 3 |  3.0
Fighting       | |  1.7
Throwing       | |  1.0
Armour         | |  1.1
Spellcasting   | |  1.5
Translocations | |  3.6

Action                   || total
-------------------------++-------
Melee: Short sword       ||    81
Throw: Tomahawk          ||     5
 Cast: Blink             ||     4
  Use: Potion            ||     1
  Eat: Chunk             ||     1
Armor: Leather armour    ||    15
Dodge: Dodged            ||    64
